 Dungeon Crawl Stone Soup version bcrawl-1.28.5 (webtiles) character file.

Game seed: 10520211937329157052

362535 Artagas the Fighter (level 10, 0/144 HPs)
             Began as a Minotaur Berserker on Jan 27, 2021.
             Was a High Priest of Trog.
             Slain by Harold
             ... wielding a +2 trident of freezing
              (5 damage)
             ... on level 8 of the Dungeon.
             The game lasted 00:16:42 (7373 turns).

Artagas the Fighter (Minotaur Berserker)            Turns: 7373, Time: 00:16:42

Health: 0/144      AC: 13    Str: 30    XL:     10   Next: 48%
Magic:  9/9        EV: 11    Int:  4    God:    Trog [*****.]
Gold:   510        SH:  0    Dex: 10    Spells: 9/9 levels left

rFire    . . .     SeeInvis .   a - +0 hand axe
rCold    . . .     Gourm    .   (no shield)
rNeg     . . .     Faith    .   I - +0 plate armour
rPois    .         Spirit   .   (helmet restricted)
rElec    .         Reflect  .   (no cloak)
rCorr    .         Harm     .   (no gloves)
MR       .....                  (no boots)
Stlth    ..........             D - amulet of rage
HPRegen  0.34/turn              (no ring)
MPRegen  0.11/turn              (no ring)

@: berserking (expiring), very quick
A: retaliatory headbutt, horns 2
a: Berserk, Trog's Hand, Brothers in Arms, Renounce Religion, Evoke Berserk Rage


You were on level 8 of the Dungeon.
You worshipped Trog.
Trog was extremely pleased with you.
You were hungry.

You visited 2 branches of the dungeon, and saw 9 of its levels.
You also visited: Sewer.

You collected 510 gold pieces.

Inventory:

Hand Weapons
 a - a +0 hand axe (weapon)
 H - a +6 great mace of speed
   (Trog gifted it to you on level 7 of the Dungeon)
Missiles
 B - 42 poisoned tomahawks (quivered)
 M - a throwing net {=f}
Armour
 b - a +0 animal skin
 c - a +1 scale mail
   (You found it on level 2 of the Dungeon)
 j - a +0 pair of boots
   (You found it on level 4 of the Dungeon)
 I - a +0 plate armour (worn)
   (You took it off an orc warrior on level 6 of the Dungeon)
 K - the cursed +0 leather armour of Beogh's Supremacy {+Blink rCorr Slay+3, unknown}
   (You found it on level 7 of the Dungeon)

   It affects your accuracy and damage with ranged weapons and melee attacks
   (+3).
   It lets you blink.
   It provides partial protection from all sources of acid and corrosion.
   It has a curse placed upon it.
Jewellery
 y - an uncursed ring of poison resistance {unknown}
   (You found it on level 4 of the Dungeon)
 z - a +4 ring of dexterity {unknown}
   (You found it on level 5 of the Dungeon)
 D - an amulet of rage (around neck)
   (You found it on level 3 of the Dungeon)
 E - the cursed ring of the Cockroach {+Fly MR+, unknown}
   (You found it on level 6 of the Dungeon)

   [ring of flight]

   It affects your resistance to hostile enchantments.
   It lets you fly.
   It has a curse placed upon it.
Wands
 C - a wand of flame (12)
   (You found it on level 5 of the Dungeon)
 F - a wand of acid (4)
   (You found it on level 6 of the Dungeon)
Scrolls
 d - a scroll of blinking {unknown}
 f - 5 scrolls of fog
 g - 2 scrolls of fear {unknown}
 k - 2 scrolls of magic mapping {unknown}
 m - 2 scrolls of enchant armour
 r - a scroll of identify
 t - 5 scrolls of teleportation
 u - 4 scrolls of remove curse {unknown}
 v - a scroll of amnesia {unknown}
 x - a scroll of immolation {unknown}
 A - a scroll of noise {unknown}
 L - a scroll of silence {unknown}
Potions
 h - 3 potions of haste
 i - 3 potions of mutation
 l - a potion of heal wounds {unknown}
 n - a potion of berserk rage {unknown}
 o - 5 potions of flight {unknown}
 p - 3 potions of brilliance {unknown}
 q - 2 potions of invisibility
 s - a potion of magic {unknown}
 w - a potion of might {unknown}
 G - a potion of resistance {unknown}
Comestibles
 e - 19 rations {!d}
 J - 9 chunks of flesh


   Skills:
 * Level 11.4 Fighting
 * Level 11.3 Axes
 + Level 8.1 Armour
 + Level 7.3 Dodging


You had 9 spell levels left.
You didn't know any spells.
Your spell library was empty.

Dungeon Overview and Level Annotations

Branches:
Dungeon (8/12)             Temple (1/1) D:5            Lair (0/6) D:7
    Orc: D:8-11

Altars:
Ashenzari
Cheibriados
Dithmenos
Lugonu
Okawaru
Qazlal
Ru
Xom
Zin
The Shining One

Annotations:
D:8 Harold


Innate Abilities, Weirdness & Mutations

You reflexively headbutt those who attack you in melee.
You have a pair of horns on your head.


Message History

You kill the killer bee!
Trog accepts your kill.
You hit the killer bee but do no damage.
The killer bee stings you but does no damage.
The killer bee closely misses you. You furiously retaliate!
You headbutt the killer bee.
You hit the killer bee but do no damage.
Your headbutt misses the killer bee.
The killer bee is moderately wounded.
The killer bee stings you but does no damage.
You hit the killer bee but do no damage.
You headbutt the killer bee, but do no damage.
The killer bee is moderately wounded.
The killer bee completely misses you.
You closely miss the killer bee.
The killer bee is moderately wounded.
The killer bee closely misses you. You furiously retaliate!
You headbutt the killer bee!
You kill the killer bee!
Trog accepts your kill.
The killer bee stings you but does no damage.
You slash the killer bee!
The killer bee is severely wounded.
The killer bee completely misses you.
You slash the killer bee!
You kill the killer bee!
Trog accepts your kill.
You see here a killer bee corpse.
Eating one of 24 chunks of flesh.
You eat one of the 24 chunks of flesh.
This raw flesh tastes terrible.
Some of the chunks of flesh in your inventory have rotted away.
You see here 152 sling bullets.
e - 19 rations {!d} (gained 1)
You now have 510 gold pieces (gained 21).
Some of the chunks of flesh in your inventory have rotted away.
M - a throwing net {=f} You see here 152 sling bullets.
Harold the Weathered comes into view.
He is wielding a +2 trident of freezing.
You have encountered a dangerous foe!
Harold shouts!
Harold mumbles some strange words.
Harold blinks!
You start waiting.
Harold throws a throwing net.
The throwing net closely misses you.
A bullfrog comes into view.
The bullfrog gives a loud, deep croak!
Harold hits you from afar with a +2 trident of freezing!
Harold freezes you.
A red film seems to cover your vision as you go berserk!
You feel yourself moving faster!
You feel mighty!
You are feeling hungry.
Harold hits you with a +2 trident of freezing!
Harold freezes you.
You slash Harold!
Harold is lightly wounded.
You hit the bullfrog.
Harold hits you with a +2 trident of freezing.
Harold freezes you.
You slash Harold!
Harold is moderately wounded.
You slash the bullfrog! The bullfrog closely misses you.
You hit Harold. Your headbutt misses Harold.
Harold is heavily wounded.
You slash the bullfrog!
You kill the bullfrog!
Trog accepts your kill.
Harold hits you with a +2 trident of freezing.
Harold freezes you. Harold blocks your attack.
Harold is heavily wounded.
Harold blocks your attack.
You headbutt Harold, but do no damage.
Harold is heavily wounded.
Harold casts a spell at you. The bolt of fire hits you!!
You are too injured to fight recklessly!
You are too injured to fight recklessly!
You are too injured to fight recklessly!
Harold blocks your attack.
Harold is heavily wounded.
You slash Harold!
Harold is heavily wounded.
Harold hits you with a +2 trident of freezing!
Harold freezes you.
You slice Harold!!
Harold is severely wounded.
Harold blocks your attack.
You headbutt Harold, but do no damage.
Harold is severely wounded.
Harold says happily, "The price on your head will fill my nest egg nicely!"
Harold points at you and mumbles some strange words.
The bolt of fire hits you!!
* * * LOW HITPOINT WARNING * * *
Okay, then.
Harold blocks your attack. x2
Harold is severely wounded.
Harold blocks your attack.
Harold is severely wounded.
Harold hits you with a +2 trident of freezing!
* * * LOW HITPOINT WARNING * * *
Harold freezes you.
You die...

................[.....##.#.......
.......................†.........
.......#.#...........###.........
.........###.#...................
#####.#..#...##........#.........
#......#####)....#...........
###..........................
#..............###.......(.
.........@@........#.......
............#.(#####.......
.........#### #....... .........#
##...... .........# ##.....
.#.......# ###### #.......#
#.......#


You could see Harold.

Vanquished Creatures
  Pikel (D:6)
  2 trolls
  Grinder (D:4)
  A hippogriff (D:6)
  5 yaks (D:8)
  Duvessa (D:4)
  2 orc warriors (D:6)
  Purgy (D:4)
  3 ogres
  2 slaves (D:6)
  A black bear (D:7)
  2 ice beasts
  2 sky beasts
  A necrophage (D:6)
  4 wolves (D:7)
  4 centaurs
  2 bullfrogs
  2 big kobolds
  A water moccasin zombie (D:5)
  Dowan (D:4)
  4 killer bees (D:8)
  2 electric eels (D:7)
  5 crimson imps
  A centaur zombie (D:5)
  9 hounds
  10 orc wizards
  A centaur skeleton (D:6)
  2 orc priests (D:6)
  2 jellies
  A bullfrog skeleton (D:5)
  Jessica (D:2)
  6 worker ants
  A worker ant zombie (D:8)
  6 adders
  A gnoll (D:1)
  A shadow imp (D:6)
  A white imp (D:7)
  An ooze (Sewer)
  2 adder zombies
  2 adder skeletons
  2 worms
  2 dart slugs
  7 leopard geckos
  22 orcs
  6 giant cockroaches
  6 goblins
  7 hobgoblins
  9 jackals
  14 kobolds
  4 quokkas
  2 ball pythons
  11 bats
  3 frilled lizards
  2 goblin skeletons (D:7)
  A goblin zombie (D:7)
  3 hobgoblin zombies (D:7)
  A kobold zombie (D:7)
  An orc skeleton (D:7)
  An orc zombie (D:7)
  5 rats
207 creatures vanquished.

Notes
Turn   | Place    | Note
-------+----------+-------------------------------------------
     0 | D:1      | Artagas the Minotaur Berserker began the quest for the Orb.
     0 | D:1      | Reached XP level 1. HP: 19/19 MP: 0/0
   226 | D:1      | Reached skill level 4 in Fighting
   226 | D:1      | Reached skill level 4 in Axes
   226 | D:1      | Reached XP level 2. HP: 17/27 MP: 1/1
   943 | D:1      | Reached XP level 3. HP: 29/33 MP: 2/2
  1334 | D:2      | Noticed Jessica
  1348 | D:2      | Killed Jessica
  1349 | D:2      | Reached skill level 3 in Armour
  1647 | D:2      | Reached ** piety under Trog
  1648 | D:2      | Reached XP level 4. HP: 41/41 MP: 3/3
  1739 | D:2      | Found a shattered altar of Ashenzari.
  2163 | D:3      | Found a glowing drain.
  2212 | Sewer    | Entered a sewer
  2220 | Sewer    | Reached skill level 3 in Dodging
  2226 | Sewer    | Reached skill level 5 in Fighting
  2544 | Sewer    | Reached XP level 5. HP: 46/48 MP: 4/4
  2788 | D:3      | Reached skill level 5 in Axes
  3544 | D:4      | Reached XP level 6. HP: 44/57 MP: 5/5
  3564 | D:4      | Noticed Purgy
  3578 | D:4      | Killed Purgy
  3579 | D:4      | Reached skill level 6 in Fighting
  3579 | D:4      | Reached skill level 6 in Axes
  3579 | D:4      | Reached skill level 4 in Armour
  3669 | D:4      | Noticed Duvessa
  3671 | D:4      | Reached *** piety under Trog
  3672 | D:4      | Noticed Dowan
  3678 | D:4      | Killed Dowan
  3679 | D:4      | Reached XP level 7. HP: 64/64 MP: 6/6
  3680 | D:4      | Noticed Grinder
  3681 | D:4      | Killed Duvessa
  3682 | D:4      | Reached skill level 4 in Dodging
  3694 | D:4      | Killed Grinder
  3695 | D:4      | Reached skill level 7 in Fighting
  3695 | D:4      | Reached skill level 7 in Axes
  3976 | D:4      | Reached skill level 5 in Armour
  4233 | D:4      | Found a sacrificial altar of Ru.
  4234 | D:4      | Found a corrupted altar of Lugonu.
  4236 | D:4      | Found an iron altar of Okawaru.
  4489 | D:5      | Entered Level 5 of the Dungeon
  4496 | D:5      | Reached XP level 8. HP: 66/73 MP: 7/7
  4603 | D:5      | Found a staircase to the Ecumenical Temple.
  4624 | Temple   | Entered the Ecumenical Temple
  4739 | D:5      | Found a shadowy altar of Dithmenos.
  4739 | D:5      | Found a stormy altar of Qazlal.
  4742 | D:5      | Reached skill level 8 in Fighting
  4742 | D:5      | Reached skill level 8 in Axes
  4745 | D:5      | Reached skill level 5 in Dodging
  5186 | D:6      | Reached **** piety under Trog
  5257 | D:6      | Got a wavering copper ring
  5274 | D:6      | Reached skill level 6 in Armour
  5471 | D:6      | Reached skill level 9 in Axes
  5471 | D:6      | Reached XP level 9. HP: 43/82 MP: 8/8
  5560 | D:6      | Noticed an angel
  5575 | D:6      | Found a glowing silver altar of Zin.
  5578 | D:6      | Found a shimmering altar of Xom.
  5634 | D:6      | Noticed Pikel
  5644 | D:6      | Killed Pikel
  5645 | D:6      | Reached skill level 9 in Fighting
  5835 | D:6      | Reached skill level 6 in Dodging
  6313 | D:7      | Reached skill level 10 in Fighting
  6342 | D:7      | Reached skill level 10 in Axes
  6342 | D:7      | Reached skill level 7 in Armour
  6408 | D:7      | Noticed a troll
  6426 | D:7      | Killed a troll
  6544 | D:7      | Found a snail-covered altar of Cheibriados.
  6610 | D:7      | Reached XP level 10. HP: 85/94 MP: 9/9
  6629 | D:7      | Reached ***** piety under Trog
  6739 | D:7      | Found a staircase to the Lair.
  6781 | D:7      | Found a glowing golden altar of the Shining One.
  6865 | D:7      | Received a gift from Trog
  6964 | D:7      | Got a slimy leather armour
  7105 | D:8      | Reached skill level 11 in Fighting
  7105 | D:8      | Reached skill level 11 in Axes
  7105 | D:8      | Reached skill level 7 in Dodging
  7183 | D:8      | Reached skill level 8 in Armour
  7356 | D:8      | Noticed Harold
  7371 | D:8      | HP: 19/144 [Harold/bolt of fire (29)]
  7373 | D:8      | HP: 5/144 [Harold/+2 trident of freezing (14)]
  7373 | D:8      | Slain by Harold

Skill      XL: |  1  2  3  4  5  6  7  8  9 10 |
---------------+-------------------------------+-----
Fighting       | 4 5 6 7 8 10 11 | 11.4
Axes           | 4 5 6 7 9 10 11 | 11.3
Armour         | 3 4 5 6 7 8 |  8.1
Dodging        | 3 4 5 6 7 |  7.3

Action                   |  1- 3 |  4- 6 |  7- 9 | 10-12 || total
-------------------------+-------+-------+-------+-------++-------
Melee: Hand axe          |    56 |   143 |   322 |   124 ||   645
       Headbutt          |    11 |    25 |    63 |    26 ||   125
Throw: Tomahawk          |       |       |     3 |     1 ||     4
Invok: Berserk           |     1 |     2 |     3 |     2 ||     8
       Trog's Hand       |       |     2 |       |     1 ||     3
Evoke: Wand              |       |       |     1 |     4 ||     5
  Use: Scroll            |       |     7 |       |       ||     7
  Eat: Chunk             |     5 |     8 |    20 |     6 ||    39
       Ration            |       |     1 |       |       ||     1
Armor: Animal skin       |     5 |     1 |       |       ||     6
       Scale mail        |       |    73 |    77 |       ||   150
       Plate armour      |       |       |    56 |    54 ||   110
Dodge: Dodged            |    38 |   108 |   158 |    42 ||   346

Levels and vault maps discovered:
D:1:      minmay_arrival_five_plusses, layout_basic
D:2:      layout_basic, ashenzari_altar_1, first_ration, uniq_jessica
D:3:      layout_basic, gup_sewer_entry_pipe
D:4:      layout_basic, grunt_temple_overflow_open,
          minmay_a_box_with_orc_wizards_in_it, uniq_duvessa, uniq_purgy,
          uniq_grinder
D:5:      layout_rooms, gammafunk_temple_overflow_wave,
          minmay_temple_entry_crystal_x
D:6:      layout_loops_cross, grunt_temple_overflow_order_and_chaos_1,
          grunt_ministairs_9, uniq_pikel
D:7:      layout_loops_cross, cheibriados_altar_1, nicolae_tso_besieged_by_evil,
          erik_lair_island
D:8:      layout_rooms, bhauth_orc_berserkers, uniq_harold, uniq_joseph
Temple:   nicolae_temple_figure_eight

Table legend:
 A = Turns spent in this place as a percentage of turns spent in the entire game.
 B = Non-inter-level travel turns spent in this place as a percentage of non-inter-level travel turns spent in the entire game.
 C = Inter-level travel turns spent in this place as a percentage of turns spent in this place.
 D = Turns resting spent in this place as a percentage of non-inter-level travel turns spent in this place.
 E = Turns spent auto-exploring this place as a percentage of non-inter-level travel turns spent in this place.
 F = Non-inter-level travel turns spent in this place divided by the number of levels of this place that you've seen.
                   A       B       C       D       E      F
               +-------+-------+-------+-------+-------+----------------------
         Total | 100.0 | 100.0 |   3.8 |  15.6 |  62.6 | 709.5
       Dungeon |  92.7 |  92.4 |   4.1 |  14.4 |  65.0 | 819.6
        Temple |   0.4 |   0.4 |   0.0 |  92.6 |   0.0 |  27.0
         Sewer |   6.9 |   7.2 |   0.0 |  27.0 |  34.8 | 511.0
               +-------+-------+-------+-------+-------+----------------------

Table legend:
 A = Kills in this place as a percentage of kills in entire the game.
 B = Kills by you in this place as a percentage of kills by you in the entire game.
 C = Kills by friends in this place as a percentage of kills by friends in the entire game.
 D = Other kills in this place as a percentage of other kills in the entire game.
 E = Experience gained in this place as a percentage of experience gained in the entire game.
 F = Experience gained in this place divided by the number of levels of this place that you have seen.
                   A       B       C       D       E      F
               +-------+-------+-------+-------+-------+----------------------
         Total | 100.0 | 100.0 |   N/A |   N/A | 100.0 | 818.4
       Dungeon |  92.7 |  92.7 |   N/A |   N/A |  99.6 | 1018.8
         Sewer |   7.3 |   7.3 |   N/A |   N/A |   0.4 |  34.0
               +-------+-------+-------+-------+-------+----------------------
